 Dungeon Sprint DCSS version 0.30-a0-341-g682706514a (webtiles) character file.

Game seed: 2519903088081755046

283 p00ps00p the Trooper (level 6, -9/55 HPs)
             Began as a Demonspawn Fighter on Nov 3, 2022.
             Was an Initiate of Vehumet.
             Shot with an arrow by a centaur warrior (14 damage)
             ... in the Dungeon (Sprint I: "Red Sonja").
             The game lasted 00:02:40 (368 turns).

p00ps00p the Trooper (Demonspawn Fighter)            Turns: 368, Time: 00:02:41

Health: -9/55      AC: 10    Str: 18    XL:     6   Next: 7%
Magic:  6/6        EV:  7    Int:  9    God:    Vehumet [......]
Gold:   297        SH:  5    Dex: 13    Spells: 5/5 levels left

rFire   . . .      SeeInvis .    a - +0 war axe
rCold   . . .      Faith    .    c - +0 buckler
rNeg    . . .      Spirit   .    i - +0 chain mail
rPois   .          Reflect  .    (no helmet)
rElec   .          Harm     .    (no cloak)
rCorr   .          Rampage  .    (no gloves)
Will    .....      NoTele   +    (no boots)
Stlth   ..........               (no amulet)
HPRegen 0.29/turn                (no ring)
MPRegen 0.10/turn                (no ring)

@: no status effects
A: foul stench 1, weakness stinger 2
a: Renounce Religion


You were in the Dungeon.
You worshipped Vehumet.
Vehumet was noncommittal.
You visited 1 branch You collected 297 gold pieces.

Inventory:

Hand Weapons
 a - a +0 war axe (weapon)
Armour
 b - a +0 scale mail
 c - a +0 buckler (worn)
 i - a +0 chain mail (worn)
Wands
 d - a wand of flame (9)
Potions
 e - a potion of attraction {unknown}
 h - 2 potions of magic


   Skills:
 + Level 7.0 Fighting
 + Level 6.0 Axes
 + Level 6.4 Armour
 + Level 6.4 Shields


You had 5 spell levels left.
You didn't know any spells.
Your spell library was empty.

Dungeon Overview and Level Annotations

Branches:
Dungeon (1/1)

Altars:
Sif Muna
Vehumet
Wu Jian


Innate Abilities, Weirdness & Mutations

You may rarely emit foul miasma when damaged in melee.
You have a tail ending in a sharp stinger.


Message History

Found 135 gold pieces.
There is an open door here.
You now have 189 gold pieces (gained 27).
You now have 216 gold pieces (gained 27).
You now have 243 gold pieces (gained 27).
You now have 270 gold pieces (gained 27).
You now have 297 gold pieces (gained 27).
There is an open door here.
There is a shimmering blue altar of Sif Muna here.
You open the door. 2 centaur warriors come into view.
The centaur warrior shouts!
The centaur warrior wields a +0 longbow.
The centaur warrior shoots an arrow.
The arrow hits you!!
The centaur warrior moves out of view.
Found a cloak and a hand axe.
You see here a +0 falchion.
You see here a +0 long sword.
There is an open door here.
The centaur warrior shoots an arrow.
The arrow hits you!
Aiming: Throw Flame
Press: ? - help, Q - select action Shift-Dir - straight line, f - centaur warrior
Aim: a centaur warrior, wielding a +0 longbow (purple smoke, 77% to hit)
The puff of flame hits the centaur warrior but does no damage.
Aiming: Throw Flame
Press: ? - help, Q - select action Shift-Dir - straight line, f/p - centaur warrior
Aim: a centaur warrior, wielding a +0 longbow (purple smoke, 77% to hit)
The puff of flame hits the centaur warrior.
The centaur warrior is lightly wounded.
The centaur warrior shoots an arrow.
The arrow hits you!
* * * LOW HITPOINT WARNING * * *
The centaur warrior shoots an arrow.
The arrow hits you!
* * * LOW HITPOINT WARNING * * *
Aiming: Throw Flame
Press: ? - help, Q - select action Shift-Dir - straight line, f/p - centaur warrior
Aim: a centaur warrior, wielding a +0 longbow (lightly wounded, 77% to hit)
The puff of flame hits the centaur warrior.
The centaur warrior is lightly wounded.
The centaur warrior shoots an arrow.
The arrow hits you!
You die...

################
#<.#..'..#..'..#
#..').#..').#.@+
#.)#####'#####'#
#..# #..#...#)#
##§)# #..#
####..##c#~§~.c#
#..#
##'#_.§§§§§.+
#⌠⌠#
+..._#§§§.c#
####
#_.#+##+####
##+#


You could see a centaur warrior.

Vanquished Creatures
  Sigmund (D)
  An ogre (D)
  A jelly (D)
  Ijyb (D)
4 creatures vanquished.

Notes
Turn   | Place    | Note
-------+----------+-------------------------------------------
     0 | D        | p00ps00p the Demonspawn Fighter began the quest for the
                  | Orb.
     0 | D        | Reached XP level 1. HP: 18/18 MP: 1/1
     2 | D        | Noticed Ijyb
     9 | D        | Killed Ijyb
    10 | D        | Reached skill level 4 in Fighting
    10 | D        | Gained mutation: You may rarely emit foul miasma when
                  | damaged in melee. [demonic ancestry]
    10 | D        | Reached XP level 2. HP: 25/25 MP: 2/2
    24 | D        | Noticed an ogre
    32 | D        | Killed an ogre
    33 | D        | Reached skill level 5 in Fighting
    33 | D        | Reached XP level 3. HP: 17/33 MP: 3/3
    33 | D        | Gained mutation: You have a small tail. [demonic ancestry]
    33 | D        | Reached XP level 4. HP: 21/39 MP: 4/4
   228 | D        | Noticed Sigmund
   242 | D        | Killed Sigmund
   243 | D        | Reached skill level 6 in Fighting
   243 | D        | Reached skill level 5 in Axes
   243 | D        | Gained mutation: You have a tail ending in a sharp stinger.
                  | [demonic ancestry]
   243 | D        | Reached XP level 5. HP: 30/47 MP: 5/5
   317 | D        | Found an ornate altar of the Wu Jian Council.
   317 | D        | Found a shimmering blue altar of Sif Muna.
   319 | D        | Found a radiant altar of Vehumet.
   323 | D        | Reached skill level 7 in Fighting
   323 | D        | Reached XP level 6. HP: 52/55 MP: 6/6
   339 | D        | Became a worshipper of Vehumet
   361 | D        | Noticed a centaur warrior
   361 | D        | Noticed a centaur warrior
   368 | D        | Shot with an arrow by a centaur warrior

Illustrated notes

Levels and vault maps discovered:
D:        dungeon_sprint_1 [red_sonja_temple_1, red_sonja_temple_small_1]

Skill      XL: |  1  2  3  4  5 |
---------------+----------------+-----
Fighting       | 4 5 6 7 |  7.0
Axes           | 3 4 5 6 |  6.0
Armour         | 3 4 6 |  6.4
Shields        | 3 4 6 |  6.4

Action                   |  1- 3 |  4- 6 || total
-------------------------+-------+-------++-------
Melee: War axe           |     8 |    11 ||    19
       Tailslap          |       |     1 ||     1
Evoke: Wand              |       |     3 ||     3
  Use: Potion            |     4 |     1 ||     5
       Scroll            |     1 |       ||     1
Armor: Scale mail        |     1 |       ||     1
       Chain mail        |       |     5 ||     5
Dodge: Dodged            |     1 |     4 ||     5
Block: Buckler           |     1 |     1 ||     2

Table legend: (Time is in decaauts)
 A = Elapsed time spent in this place.
 B = Non-inter-level travel time spent in this place.
 C = Inter-level travel time spent in this place.
 D = Time resting spent in this place.
 E = Time spent auto-exploring this place.
 F = Levels seen in this place.
 G = Mean time per level.
                   A        B        C        D        E       F      G
               +--------+--------+--------+--------+--------+-----+--------+
         Total |    366 |    366 |      0 |    166 |     74 |   1 |  366.0 |
       Dungeon |    366 |    366 |      0 |    166 |     74 |   1 |  366.0 |
               +--------+--------+--------+--------+--------+-----+--------+

Top non-repeatable levels by time:
       D: 366 daAuts
